Blues vs Blue Jackets
Created - February 5, 2022 at 22:12
Goals
|
Blues |
1 |
3 |
2 |
6 |
Blue Jackets |
2 |
2 |
0 |
4 |
|
Shots
|
Blues |
13 |
15 |
8 |
36 |
Blue Jackets |
13 |
14 |
8 |
35 |
|
1st period
1. Blues , Devin Shore 5 (Alex Pietrangelo 22) at 6:15
2. Blue Jackets , Tyler Kennedy 2 (Nick Leddy 6, Artemi Panarin 13) at 11:07
3. Blue Jackets , Artemi Panarin 10 (Tyler Seguin 13, Tyler Kennedy 5) at 12:48
Penalties :
Nick Leddy (Clb) for Tripping (Minor) at 1:36, Brandon Bollig (Clb) for Holding (Minor) at 7:16, Martin Havlat (Clb) for Tripping (Minor) at 14:36
2nd period
4. Blues , Alex Pietrangelo 7 (Nicklas Backstrom 17, Filip Forsberg 12) at 0:21
5. Blue Jackets , Tyler Seguin 16 (Artemi Panarin 14) at 3:05
6. Blues , Riley Sheahan 12 (Devin Shore 7) at 6:47 (PP)
7. Blue Jackets , Artemi Panarin 11 (Tyler Kennedy 6) at 8:31
8. Blues , Jacob Slavin 2 (Nicklas Backstrom 18, Filip Forsberg 13) at 12:39 (PP)
Penalties :
Mike Lundin (Clb) for Hooking (Minor) at 6:44, Cam Fowler (Clb) for Roughing (Minor) at 9:36, Max Pacioretty (Clb) for Roughing (Minor) at 12:13, Mike Lundin (Clb) for High sticking (Minor) at 12:54
3rd period
9. Blues , Tyler Johnson 10 (Brandon Montour 5, Filip Forsberg 14) at 4:00
10. Blues , Tyler Johnson 11 (Cody Ceci 5) at 19:46 (Empty Net)
Penalties :
Filip Forsberg (Stl) for Hooking (Minor) at 4:24
Goalie Stats
Carey Price (Stl), 31 saves from 35 shots - (0.886), W, 14-8-0, 60:00 minutes
Rick DiPietro (Clb), 30 saves from 35 shots - (0.857), L, 3-7-3, 59:11 minutes
Players Stats for Blues
Player Name G A P +/- PIM S H SB GA TA FO MP PP MP PK MP
------------------------------------------------------------------------------------
Alex Pietrangelo 1 1 2 2 0 5 0 1 2 0 0/0 26:38 6:27 0:00
Anthony Mantha 0 0 0 0 0 1 0 0 0 0 1/1 12:01 0:01 0:00
Brandon Montour 0 1 1 0 0 1 1 2 1 0 0/0 16:41 3:57 0:00
Cody Ceci 0 1 1 -1 0 0 1 1 0 0 0/0 16:34 0:00 1:14
David Perron 0 0 0 0 0 1 0 1 1 0 1/1 17:05 4:11 0:25
Devin Shore 1 1 2 0 0 1 2 0 0 0 10/17 16:19 4:10 0:18
Drew Shore 0 0 0 -1 0 0 0 0 0 2 5/8 12:26 0:00 0:56
Filip Forsberg 0 3 3 1 2 3 2 0 1 0 1/5 24:26 6:13 0:00
Jacob Slavin 1 0 1 -2 0 3 0 3 0 1 0/0 22:04 6:27 0:45
Jujhar Khaira 0 0 0 -1 0 0 3 0 1 0 0/0 6:42 0:00 0:37
Ladislav Smid 0 0 0 0 0 2 0 0 0 0 0/0 13:15 0:00 0:45
Linus Omark 0 0 0 -2 0 1 0 0 0 0 0/0 10:30 0:00 0:00
Nicklas Backstrom 0 2 2 1 0 1 0 1 1 0 16/36 23:28 6:13 0:00
Patrick Kaleta 0 0 0 0 0 4 0 0 0 1 0/0 6:40 0:01 0:20
Peter Regin 0 0 0 0 0 1 1 0 0 0 1/2 5:54 0:00 0:00
Riley Sheahan 1 0 1 0 0 5 1 0 0 0 0/2 16:04 4:10 0:20
Ryan Murray 0 0 0 1 0 0 0 1 0 3 0/0 24:48 3:57 1:14
Tyler Johnson 2 0 2 2 0 7 2 1 2 1 0/0 26:25 6:13 1:02
Players Stats for Blue Jackets
Player Name G A P +/- PIM S H SB GA TA FO MP PP MP PK MP
------------------------------------------------------------------------------------
Artemi Panarin 2 2 4 0 0 7 0 5 1 0 3/4 24:12 0:56 6:21
Brandon Bollig 0 0 0 0 2 1 0 1 0 1 0/0 10:34 0:00 0:42
Cam Fowler 0 0 0 -1 2 2 2 0 1 1 0/0 25:38 1:17 5:00
Cody Hodgson 0 0 0 0 0 3 0 1 0 2 8/15 17:29 1:03 3:21
Dennis Wideman 0 0 0 0 0 0 0 0 0 1 0/0 12:46 0:00 0:59
Devin Setoguchi 0 0 0 0 0 1 1 0 0 0 0/0 10:41 0:00 0:47
Emerson Etem 0 0 0 0 0 1 0 0 1 0 0/0 7:47 0:00 0:00
Eric Wellwood 0 0 0 0 0 3 0 0 0 0 1/1 14:01 1:03 0:00
Martin Havlat 0 0 0 0 2 0 0 0 0 0 0/0 7:50 0:00 0:00
Max Pacioretty 0 0 0 0 2 2 1 1 1 0 0/1 17:28 1:03 3:21
Mike Lundin 0 0 0 -1 4 2 0 1 1 0 0/0 25:06 1:17 4:54
Nick Leddy 0 1 1 1 2 2 2 1 2 1 0/0 21:00 0:42 3:14
Pavel Datsyuk 0 0 0 0 0 1 2 0 0 0 1/4 9:52 0:00 0:00
Rob Scuderi 0 0 0 1 0 1 0 2 0 2 0/0 21:09 0:42 3:33
Shea Theodore 0 0 0 0 0 0 0 1 0 0 0/0 14:28 0:00 3:08
Tyler Kennedy 1 2 3 0 0 4 1 0 1 1 0/0 17:41 0:56 0:00
Tyler Seguin 1 1 2 0 0 3 0 1 0 0 23/46 24:00 0:56 6:16
Zac Dalpe 0 0 0 0 0 2 0 0 0 0 1/1 7:47 0:00 0:00
3 Stars
1 - Artemi Panarin (Clb)
2 - Tyler Johnson (Stl)
3 - Alex Pietrangelo (Stl)
Power Play
Blues - 2 on 7 Attempt(s) - 28.57%
Blue Jackets - 0 on 1 Attempt(s) - 0.00%
Penalty Kill
Blues - 1 on 1 Attempt(s) - 100.00%
- Score 0 goal in Penalty Kill
Blue Jackets - 5 on 7 Attempt(s) - 71.43%
- Score 0 goal in Penalty Kill
Team Stat
Blues - Hits : 13 - Faceoff Wins : 35 - Blocked Shots : 11 - Penalty Minutes : 2
Blue Jackets - Hits : 9 - Faceoff Wins : 37 - Blocked Shots : 14 - Penalty Minutes : 14
Official
Referees : Tim Peel and Beaudry Halkidis
Linesman : Matt MacPherson and David Brisebois
Game Notes
Tyler Johnson has scored in a empty net!
Finance
Level 1 -- Attendance: 6000 (100.00%) -- Ticket Income $600,000
Level 2 -- Attendance: 4931 (98.62%) -- Ticket Income $295,860
Level 3 -- Attendance: 1823 (91.15%) -- Ticket Income $63,805
Level 4 -- Attendance: 3707 (92.68%) -- Ticket Income $92,675
Luxury Box -- Attendance: 969 (96.90%) -- Ticket Income $193,800
Game was played at the Nationwide arena.
Total Attendance: 17430 (96.83%)
Total Ticket Income: $1,246,140
Other Income: $186,921
Total Income: $1,433,061
Blues
5 vs 5 Forward
Center Left Wing Right Wing Time % Phy DF OF
1 Nicklas Backstrom Filip Forsberg Tyler Johnson 40 1 2 2
2 Devin Shore David Perron Riley Sheahan 30 1 2 2
3 Drew Shore Linus Omark Anthony Mantha 20 1 2 2
4 Peter Regin Jujhar Khaira Patrick Kaleta 10 1 2 2
5 vs 5 Defense
Defense Defense Time % Phy DF OF
1 Alex Pietrangelo Ryan Murray 40 1 2 2
2 Jacob Slavin Cody Ceci 30 1 2 2
3 Brandon Montour Ladislav Smid 20 1 2 2
4 Ryan Murray Alex Pietrangelo 10 1 2 2
PowerPlay Forward
Center Left Wing Right Wing Time % Phy DF OF
1 Nicklas Backstrom Filip Forsberg Tyler Johnson 60 1 2 2
2 Devin Shore David Perron Riley Sheahan 40 1 2 2
PowerPlay Defense
Defense Defense Time % Phy DF OF
1 Alex Pietrangelo Jacob Slavin 60 1 2 2
2 Brandon Montour Ryan Murray 40 1 2 2
Penalty Kill 4 Players Forward
Center Wing Time % Phy DF OF
1 Drew Shore Tyler Johnson 60 1 2 2
2 Riley Sheahan Patrick Kaleta 40 1 2 2
Penalty Kill 4 Players Defense
Defense Defense Time % Phy DF OF
1 Cody Ceci Ryan Murray 60 1 2 2
2 Ladislav Smid Jacob Slavin 40 1 2 2
Penalty Kill - 3 Players Forward
Forward Time % Phy DF OF
1 Riley Sheahan 60 1 2 2
2 Drew Shore 40 1 2 2
Penalty Kill - 3 Players Defense
Defense Defense Time % Phy DF OF
1 Cody Ceci Ladislav Smid 60 1 2 2
2 Ryan Murray Jacob Slavin 40 1 2 2
4 vs 4 Forward
Center Wing Time % Phy DF OF
1 Nicklas Backstrom Filip Forsberg 60 1 2 2
2 Drew Shore Tyler Johnson 40 1 2 2
4 vs 4 Defense
Defense Defense Time % Phy DF OF
1 Alex Pietrangelo Cody Ceci 60 1 2 2
2 Brandon Montour Ryan Murray 40 1 2 2
Last Minutes Offensive
Center Left Wing Right Wing Defense Defense
Nicklas Backstrom Filip Forsberg Tyler Johnson Alex Pietrangelo Ryan Murray
Last Minutes Defensive
Center Left Wing Right Wing Defense Defense
Drew Shore David Perron Tyler Johnson Cody Ceci Ladislav Smid
Goaltenders
Starting : Carey Price
Backup : Joonas Korpisalo
Extra Forwards
Normal : Anthony Mantha, Peter Regin, Jujhar Khaira - PP : Anthony Mantha, Devin Shore - PK : Jujhar Khaira
Extra Defensemen
Normal : Jacob Slavin, Brandon Montour, Ladislav Smid - PP : Brandon Montour - PK : Alex Pietrangelo, Brandon Montour
Penalty Shots
David Perron, Peter Regin, Devin Shore, Filip Forsberg, Tyler Johnson
Scratches
Eric Nystrom (Healthy), Auston Matthews (Right Leg Injury)
Blue Jackets
5 vs 5 Forward
Center Left Wing Right Wing Time % Phy DF OF
1 Tyler Seguin Artemi Panarin Tyler Kennedy 40 1 2 2
2 Cody Hodgson Max Pacioretty Eric Wellwood 30 1 2 2
3 Pavel Datsyuk Brandon Bollig Devin Setoguchi 20 1 2 2
4 Zac Dalpe Emerson Etem Martin Havlat 10 1 2 2
5 vs 5 Defense
Defense Defense Time % Phy DF OF
1 Cam Fowler Mike Lundin 40 1 2 2
2 Nick Leddy Rob Scuderi 30 1 2 2
3 Dennis Wideman Shea Theodore 20 1 2 2
4 Cam Fowler Mike Lundin 10 1 2 2
PowerPlay Forward
Center Left Wing Right Wing Time % Phy DF OF
1 Tyler Seguin Artemi Panarin Tyler Kennedy 60 1 2 2
2 Cody Hodgson Max Pacioretty Eric Wellwood 40 1 2 2
PowerPlay Defense
Defense Defense Time % Phy DF OF
1 Cam Fowler Mike Lundin 60 1 2 2
2 Nick Leddy Rob Scuderi 40 1 2 2
Penalty Kill 4 Players Forward
Center Wing Time % Phy DF OF
1 Tyler Seguin Artemi Panarin 60 1 2 2
2 Cody Hodgson Max Pacioretty 40 1 2 2
Penalty Kill 4 Players Defense
Defense Defense Time % Phy DF OF
1 Cam Fowler Mike Lundin 60 1 2 2
2 Nick Leddy Rob Scuderi 40 1 2 2
Penalty Kill - 3 Players Forward
Forward Time % Phy DF OF
1 Tyler Seguin 60 1 2 2
2 Artemi Panarin 40 1 2 2
Penalty Kill - 3 Players Defense
Defense Defense Time % Phy DF OF
1 Cam Fowler Mike Lundin 60 1 2 2
2 Nick Leddy Rob Scuderi 40 1 2 2
4 vs 4 Forward
Center Wing Time % Phy DF OF
1 Tyler Seguin Artemi Panarin 60 1 2 2
2 Cody Hodgson Max Pacioretty 40 1 2 2
4 vs 4 Defense
Defense Defense Time % Phy DF OF
1 Cam Fowler Mike Lundin 60 1 2 2
2 Nick Leddy Rob Scuderi 40 1 2 2
Last Minutes Offensive
Center Left Wing Right Wing Defense Defense
Tyler Seguin Artemi Panarin Tyler Kennedy Cam Fowler Mike Lundin
Last Minutes Defensive
Center Left Wing Right Wing Defense Defense
Tyler Seguin Artemi Panarin Tyler Kennedy Cam Fowler Mike Lundin
Goaltenders
Starting : Rick DiPietro
Backup : Andrei Vasilevskiy
Extra Forwards
Normal : Pavel Datsyuk, Brandon Bollig, Devin Setoguchi - PP : Pavel Datsyuk, Brandon Bollig - PK : Devin Setoguchi
Extra Defensemen
Normal : Dennis Wideman, Shea Theodore, Nick Leddy - PP : Dennis Wideman - PK : Shea Theodore, Nick Leddy
Penalty Shots
Tyler Seguin, Artemi Panarin, Cody Hodgson, Max Pacioretty, Pavel Datsyuk
Scratches
Andreas Nodl (Healthy), Ryan Wilson (Healthy)
% Time on Ice - Blues
Lines # - Real PCT - Wanted PCT - Time Play
Normal Forward
1 - 39% - 40% - 18:14
2 - 26% - 30% - 12:12
3 - 23% - 20% - 10:30
4 - 12% - 10% - 5:41
Normal Defense
1 - 41% - 40% - 18:56
2 - 31% - 30% - 14:35
3 - 25% - 20% - 11:36
4 - 3% - 10% - 1:30
PP Forward
1 - 60% - 60% - 6:13
2 - 40% - 40% - 4:11
PP Defense
1 - 62% - 60% - 6:27
2 - 38% - 40% - 3:57
PK Forward
1 - 83% - 60% - 1:39
2 - 17% - 40% - 0:20
PK Defense
1 - 62% - 60% - 1:14
2 - 38% - 40% - 0:45
PK3 Forward
1 - 0% - 60%
2 - 0% - 40%
PK3 Defense
1 - 0% - 60%
2 - 0% - 40%
44 Forward
1 - 0% - 60%
2 - 0% - 40%
44 Defense
1 - 0% - 60%
2 - 0% - 40%
Last Minute Offensive - 0:00
Last Minute Defensive - 1:00
Total
Forward - 60:00
Defense - 60:00
|
% Time on Ice - Blue Jackets
Lines # - Real PCT - Wanted PCT - Time Play
Normal Forward
1 - 35% - 40% - 16:12
2 - 28% - 30% - 13:05
3 - 21% - 20% - 9:49
4 - 17% - 10% - 7:47
Normal Defense
1 - 40% - 40% - 18:36
2 - 36% - 30% - 16:54
3 - 23% - 20% - 10:36
4 - 2% - 10% - 0:47
PP Forward
1 - 47% - 60% - 0:56
2 - 53% - 40% - 1:03
PP Defense
1 - 65% - 60% - 1:17
2 - 35% - 40% - 0:42
PK Forward
1 - 68% - 60% - 7:03
2 - 32% - 40% - 3:21
PK Defense
1 - 66% - 60% - 6:51
2 - 34% - 40% - 3:33
PK3 Forward
1 - 0% - 60%
2 - 0% - 40%
PK3 Defense
1 - 0% - 60%
2 - 0% - 40%
44 Forward
1 - 0% - 60%
2 - 0% - 40%
44 Defense
1 - 0% - 60%
2 - 0% - 40%
Last Minute Offensive - 0:44
Last Minute Defensive - 0:00
Total
Forward - 60:00
Defense - 60:00
|
Play-by-Play
1st period
0:01 of 1st period - Tyler Seguin wins face-off versus Nicklas Backstrom in neutral zone.
1:07 of 1st period - Emerson Etem is hit by Jujhar Khaira.
1:15 of 1st period - Snap shot by Patrick Kaleta.
1:15 of 1st period - Stopped by Rick DiPietro with a rebound.
1:36 of 1st period - Minor Penalty to Nick Leddy for Tripping.
1:37 of 1st period - Tyler Seguin wins face-off versus Filip Forsberg in Blue Jackets zone.
2:14 of 1st period - Slapshot by Alex Pietrangelo.
2:14 of 1st period - Stopped by Rick DiPietro without a rebound.
2:15 of 1st period - Nicklas Backstrom wins face-off versus Tyler Seguin in Blue Jackets zone.
2:16 of 1st period - Snap shot by Tyler Johnson.
2:16 of 1st period - Shot Blocked by Artemi Panarin.
2:22 of 1st period - Wrist shot by Tyler Johnson.
2:22 of 1st period - Stopped by Rick DiPietro with a rebound.
2:24 of 1st period - Snap shot by Brandon Montour.
2:24 of 1st period - Stopped by Rick DiPietro without a rebound.
2:25 of 1st period - Artemi Panarin wins face-off versus Nicklas Backstrom in Blue Jackets zone.
3:05 of 1st period - Snap shot by Nicklas Backstrom.
3:05 of 1st period - Deflect By Tyler Johnson.
3:05 of 1st period - Shot Blocked by Tyler Seguin.
3:05 of 1st period - Puck is out of play.
3:06 of 1st period - Cody Hodgson wins face-off versus Devin Shore in Blue Jackets zone.
3:15 of 1st period - Cam Fowler is hit by Devin Shore and loses puck.
3:36 of 1st period - Penalty to Nick Leddy is over, Nick Leddy is back on ice.
4:12 of 1st period - Snap shot by Peter Regin.
4:12 of 1st period - Stopped by Rick DiPietro with a rebound.
4:14 of 1st period - Snap shot by Patrick Kaleta.
4:14 of 1st period - Stopped by Rick DiPietro without a rebound.
4:15 of 1st period - Peter Regin wins face-off versus Tyler Seguin in Blue Jackets zone.
4:16 of 1st period - Snap shot by Patrick Kaleta.
4:16 of 1st period - Stopped by Rick DiPietro without a rebound.
4:17 of 1st period - Tyler Seguin wins face-off versus Nicklas Backstrom in Blue Jackets zone.
4:30 of 1st period - Wrist shot by Alex Pietrangelo.
4:30 of 1st period - Shot Blocked by Artemi Panarin.
5:04 of 1st period - Icing by Alex Pietrangelo.
5:05 of 1st period - Drew Shore wins face-off versus Pavel Datsyuk in Blues zone.
5:36 of 1st period - Slapshot by Nicklas Backstrom.
5:36 of 1st period - Stopped by Rick DiPietro with a rebound.
5:58 of 1st period - Slapshot by Cody Hodgson.
5:58 of 1st period - Stopped by Carey Price with a rebound.
6:03 of 1st period - Icing by Riley Sheahan.
6:04 of 1st period - Devin Shore wins face-off versus Tyler Seguin in Blues zone.
6:15 of 1st period - Wrist shot by Devin Shore.
6:15 of 1st period - Goal by Devin Shore - Blues : 1 - Blue Jackets : 0.
6:16 of 1st period - Nicklas Backstrom wins face-off versus Tyler Seguin in neutral zone.
7:16 of 1st period - Minor Penalty to Brandon Bollig for Holding.
7:17 of 1st period - Nicklas Backstrom wins face-off versus Tyler Seguin in Blue Jackets zone.
7:28 of 1st period - Off-side.
7:29 of 1st period - Tyler Seguin wins face-off versus Nicklas Backstrom in neutral zone.
7:44 of 1st period - Wrist shot by Artemi Panarin.
7:44 of 1st period - Shot Blocked by Jacob Slavin.
7:59 of 1st period - Tyler Johnson is hit by Cam Fowler and loses puck.
9:16 of 1st period - Penalty to Brandon Bollig is over, Brandon Bollig is back on ice.
9:27 of 1st period - Snap shot by Pavel Datsyuk.
9:27 of 1st period - Shot Misses the Net.
9:29 of 1st period - Wrist shot by Brandon Bollig.
9:29 of 1st period - Stopped by Carey Price with a rebound.
9:31 of 1st period - Slapshot by Mike Lundin.
9:31 of 1st period - Shot Misses the Net.
9:51 of 1st period - Snap shot by Emerson Etem.
9:51 of 1st period - Shot Misses the Net.
10:14 of 1st period - Cody Ceci is hit by Max Pacioretty and loses puck.
10:57 of 1st period - Icing by Cody Ceci.
10:58 of 1st period - Cody Hodgson wins face-off versus Drew Shore in Blues zone.
11:01 of 1st period - Snap shot by Artemi Panarin.
11:01 of 1st period - Shot Misses the Net.
11:03 of 1st period - Wrist shot by Artemi Panarin.
11:03 of 1st period - Shot Misses the Net.
11:05 of 1st period - Wrist shot by Nick Leddy.
11:05 of 1st period - Stopped by Carey Price with a rebound.
11:07 of 1st period - Wrist shot by Tyler Kennedy.
11:07 of 1st period - Goal by Tyler Kennedy - Blues : 1 - Blue Jackets : 1.
11:08 of 1st period - Nicklas Backstrom wins face-off versus Tyler Seguin in neutral zone.
11:24 of 1st period - Off-side.
11:25 of 1st period - Devin Shore wins face-off versus Cody Hodgson in neutral zone.
11:39 of 1st period - Icing by Cam Fowler.
11:40 of 1st period - Nicklas Backstrom wins face-off versus Cody Hodgson in Blue Jackets zone.
11:47 of 1st period - Snap shot by Nicklas Backstrom.
11:47 of 1st period - Shot Misses the Net.
12:01 of 1st period - Alex Pietrangelo is hit by Cam Fowler and loses puck.
12:08 of 1st period - Wrist shot by Max Pacioretty.
12:08 of 1st period - Stopped by Carey Price with a rebound.
12:10 of 1st period - Slapshot by Mike Lundin.
12:10 of 1st period - Shot Misses the Net.
12:12 of 1st period - Slapshot by Mike Lundin.
12:12 of 1st period - Stopped by Carey Price without a rebound.
12:13 of 1st period - Tyler Seguin wins face-off versus Devin Shore in Blues zone.
12:16 of 1st period - Snap shot by Tyler Seguin.
12:16 of 1st period - Stopped by Carey Price without a rebound.
12:17 of 1st period - Devin Shore wins face-off versus Tyler Seguin in Blues zone.
12:22 of 1st period - Wrist shot by David Perron.
12:22 of 1st period - Deflect By Devin Shore.
12:22 of 1st period - Shot Misses the Net.
12:22 of 1st period - Puck is out of play.
12:23 of 1st period - Tyler Seguin wins face-off versus Devin Shore in Blue Jackets zone.
12:48 of 1st period - Wrist shot by Artemi Panarin.
12:48 of 1st period - Goal by Artemi Panarin - Blues : 1 - Blue Jackets : 2.
12:49 of 1st period - Nicklas Backstrom wins face-off versus Tyler Seguin in neutral zone.
13:02 of 1st period - Wrist shot by Tyler Johnson.
13:02 of 1st period - Shot Misses the Net.
13:04 of 1st period - Wrist shot by Filip Forsberg.
13:04 of 1st period - Stopped by Rick DiPietro with a rebound.
13:06 of 1st period - Slapshot by Ryan Murray.
13:06 of 1st period - Shot Misses the Net.
13:35 of 1st period - Backhand shot by Tyler Kennedy.
13:35 of 1st period - Deflect By Artemi Panarin.
13:35 of 1st period - Stopped by Carey Price without a rebound.
13:36 of 1st period - Cody Hodgson wins face-off versus Devin Shore in Blues zone.
13:37 of 1st period - Snap shot by Max Pacioretty.
13:37 of 1st period - Shot Blocked by David Perron.
13:39 of 1st period - Slapshot by Max Pacioretty.
13:39 of 1st period - Shot Misses the Net.
13:41 of 1st period - Wrist shot by Cody Hodgson.
13:41 of 1st period - Stopped by Carey Price with a rebound.
14:03 of 1st period - Nick Leddy is hit by Tyler Johnson and loses puck.
14:26 of 1st period - Shea Theodore is hit by Peter Regin and loses puck.
14:36 of 1st period - Minor Penalty to Martin Havlat for Tripping.
14:37 of 1st period - Nicklas Backstrom wins face-off versus Tyler Seguin in Blue Jackets zone.
14:50 of 1st period - Slapshot by Alex Pietrangelo.
14:50 of 1st period - Shot Blocked by Mike Lundin.
16:36 of 1st period - Penalty to Martin Havlat is over, Martin Havlat is back on ice.
17:14 of 1st period - Slapshot by Ladislav Smid.
17:14 of 1st period - Stopped by Rick DiPietro with a rebound.
17:28 of 1st period - Snap shot by Eric Wellwood.
17:28 of 1st period - Stopped by Carey Price without a rebound.
17:29 of 1st period - Drew Shore wins face-off versus Cody Hodgson in Blues zone.
17:29 of 1st period - Drew Shore is hit by Nick Leddy.
18:26 of 1st period - Backhand shot by Cam Fowler.
18:26 of 1st period - Deflect By Brandon Bollig.
18:26 of 1st period - Shot Misses the Net.
18:26 of 1st period - Puck is out of play.
18:27 of 1st period - Tyler Seguin wins face-off versus Nicklas Backstrom in Blues zone.
18:28 of 1st period - Backhand shot by Artemi Panarin.
18:28 of 1st period - Stopped by Carey Price with a rebound.
19:09 of 1st period - Snap shot by Eric Wellwood.
19:09 of 1st period - Stopped by Carey Price without a rebound.
19:10 of 1st period - Drew Shore wins face-off versus Max Pacioretty in Blues zone.
19:35 of 1st period - Artemi Panarin is hit by Riley Sheahan and loses puck.
19:46 of 1st period - Snap shot by Alex Pietrangelo.
19:46 of 1st period - Stopped by Rick DiPietro with a rebound.
19:48 of 1st period - Slapshot by David Perron.
19:48 of 1st period - Shot Blocked by Rob Scuderi.
19:58 of 1st period - Slapshot by Patrick Kaleta.
19:58 of 1st period - Stopped by Rick DiPietro without a rebound.
19:59 of 1st period - Cody Hodgson wins face-off versus Peter Regin in Blue Jackets zone.
Goals for this period are 1 for Blues vs 2 for Blue Jackets.
Shots for this period are 13 for Blues vs 13 for Blue Jackets.
2nd period
0:01 of 2nd period - Tyler Seguin wins face-off versus Filip Forsberg in neutral zone.
0:04 of 2nd period - Wrist shot by Cam Fowler.
0:04 of 2nd period - Stopped by Carey Price without a rebound.
0:05 of 2nd period - Nicklas Backstrom wins face-off versus Tyler Seguin in Blues zone.
0:05 of 2nd period - Nicklas Backstrom is hit by Tyler Kennedy.
0:17 of 2nd period - Snap shot by Nicklas Backstrom.
0:17 of 2nd period - Shot Blocked by Artemi Panarin.
0:19 of 2nd period - Slapshot by Alex Pietrangelo.
0:19 of 2nd period - Stopped by Rick DiPietro with a rebound.
0:21 of 2nd period - Wrist shot by Alex Pietrangelo.
0:21 of 2nd period - Goal by Alex Pietrangelo - Blues : 2 - Blue Jackets : 2.
0:22 of 2nd period - Nicklas Backstrom wins face-off versus Tyler Seguin in neutral zone.
3:05 of 2nd period - Wrist shot by Tyler Seguin.
3:05 of 2nd period - Goal by Tyler Seguin - Blues : 2 - Blue Jackets : 3.
3:06 of 2nd period - Filip Forsberg wins face-off versus Tyler Seguin in neutral zone.
3:09 of 2nd period - Slapshot by Alex Pietrangelo.
3:09 of 2nd period - Shot Blocked by Artemi Panarin.
3:11 of 2nd period - Slapshot by Alex Pietrangelo.
3:11 of 2nd period - Stopped by Rick DiPietro with a rebound.
5:04 of 2nd period - Snap shot by Cody Hodgson.
5:04 of 2nd period - Shot Misses the Net.
5:25 of 2nd period - Off-side.
5:26 of 2nd period - Tyler Seguin wins face-off versus Nicklas Backstrom in neutral zone.
5:53 of 2nd period - Nicklas Backstrom is hit by Pavel Datsyuk and loses puck.
6:00 of 2nd period - Nick Leddy is hit by Filip Forsberg and loses puck.
6:15 of 2nd period - Snap shot by Filip Forsberg.
6:15 of 2nd period - Shot Misses the Net.
6:17 of 2nd period - Wrist shot by Nicklas Backstrom.
6:17 of 2nd period - Shot Misses the Net.
6:19 of 2nd period - Slapshot by Ryan Murray.
6:19 of 2nd period - Shot Misses the Net.
6:21 of 2nd period - Slapshot by Tyler Johnson.
6:21 of 2nd period - Shot Blocked by Brandon Bollig.
6:39 of 2nd period - Wrist shot by Tyler Johnson.
6:39 of 2nd period - Stopped by Rick DiPietro with a rebound.
6:41 of 2nd period - Snap shot by Tyler Johnson.
6:41 of 2nd period - Stopped by Rick DiPietro without a rebound.
6:42 of 2nd period - Tyler Seguin wins face-off versus Devin Shore in Blue Jackets zone.
6:44 of 2nd period - Minor Penalty to Mike Lundin for Hooking.
6:45 of 2nd period - Devin Shore wins face-off versus Tyler Seguin in Blue Jackets zone.
6:45 of 2nd period - Snap shot by Riley Sheahan.
6:45 of 2nd period - Stopped by Rick DiPietro with a rebound.
6:47 of 2nd period - Slapshot by Riley Sheahan.
6:47 of 2nd period - Goal by Riley Sheahan - Blues : 3 - Blue Jackets : 3.
6:48 of 2nd period - Tyler Seguin wins face-off versus Nicklas Backstrom in neutral zone.
7:38 of 2nd period - Riley Sheahan is hit by Pavel Datsyuk and loses puck.
8:10 of 2nd period - Zac Dalpe is hit by Jujhar Khaira and loses puck.
8:29 of 2nd period - Snap shot by Artemi Panarin.
8:29 of 2nd period - Shot Misses the Net.
8:31 of 2nd period - Wrist shot by Artemi Panarin.
8:31 of 2nd period - Goal by Artemi Panarin - Blues : 3 - Blue Jackets : 4.
8:32 of 2nd period - Nicklas Backstrom wins face-off versus Tyler Seguin in neutral zone.
9:05 of 2nd period - Slapshot by Eric Wellwood.
9:05 of 2nd period - Deflect By Max Pacioretty.
9:05 of 2nd period - Shot Hit the Post.
9:05 of 2nd period - Puck is out of play.
9:06 of 2nd period - Cody Hodgson wins face-off versus Riley Sheahan in Blues zone.
9:13 of 2nd period - Snap shot by Max Pacioretty.
9:13 of 2nd period - Stopped by Carey Price without a rebound.
9:14 of 2nd period - Devin Shore wins face-off versus Tyler Seguin in Blues zone.
9:27 of 2nd period - Snap shot by Riley Sheahan.
9:27 of 2nd period - Stopped by Rick DiPietro without a rebound.
9:28 of 2nd period - Nicklas Backstrom wins face-off versus Cody Hodgson in Blue Jackets zone.
9:36 of 2nd period - Minor Penalty to Cam Fowler for Roughing.
9:37 of 2nd period - Tyler Seguin wins face-off versus Nicklas Backstrom in Blue Jackets zone.
10:32 of 2nd period - Artemi Panarin is hit by Tyler Johnson and loses puck.
11:36 of 2nd period - Penalty to Cam Fowler is over, Cam Fowler is back on ice.
11:46 of 2nd period - Ryan Murray is hit by Nick Leddy and loses puck.
11:51 of 2nd period - Wrist shot by Emerson Etem.
11:51 of 2nd period - Stopped by Carey Price without a rebound.
11:52 of 2nd period - Drew Shore wins face-off versus Cody Hodgson in Blues zone.
12:03 of 2nd period - Snap shot by Jacob Slavin.
12:03 of 2nd period - Stopped by Rick DiPietro with a rebound.
12:05 of 2nd period - Wrist shot by Drew Shore.
12:05 of 2nd period - Shot Misses the Net.
12:07 of 2nd period - Backhand shot by Drew Shore.
12:07 of 2nd period - Shot Blocked by Cody Hodgson.
12:13 of 2nd period - Minor Penalty to Max Pacioretty for Roughing.
12:14 of 2nd period - Tyler Seguin wins face-off versus Nicklas Backstrom in Blue Jackets zone.
12:22 of 2nd period - Icing by Jacob Slavin.
12:23 of 2nd period - Tyler Seguin wins face-off versus Nicklas Backstrom in Blues zone.
12:37 of 2nd period - Slapshot by Nicklas Backstrom.
12:37 of 2nd period - Shot Blocked by Artemi Panarin.
12:39 of 2nd period - Slapshot by Jacob Slavin.
12:39 of 2nd period - Deflect By Tyler Seguin.
12:39 of 2nd period - Goal by Jacob Slavin - Blues : 4 - Blue Jackets : 4.
12:40 of 2nd period - Tyler Seguin wins face-off versus Nicklas Backstrom in neutral zone.
12:54 of 2nd period - Minor Penalty to Mike Lundin for High sticking.
12:55 of 2nd period - Tyler Seguin wins face-off versus Nicklas Backstrom in Blue Jackets zone.
13:23 of 2nd period - Off-side.
13:24 of 2nd period - Cody Hodgson wins face-off versus Devin Shore in neutral zone.
13:57 of 2nd period - Slapshot by Ryan Murray.
13:57 of 2nd period - Shot Hit the Post.
13:59 of 2nd period - Snap shot by Ryan Murray.
13:59 of 2nd period - Shot Misses the Net.
14:17 of 2nd period - Nick Leddy is hit by Devin Shore.
14:54 of 2nd period - Penalty to Mike Lundin is over, Mike Lundin is back on ice.
15:00 of 2nd period - Slapshot by Emerson Etem.
15:00 of 2nd period - Shot Misses the Net.
15:03 of 2nd period - Icing by Jacob Slavin.
15:04 of 2nd period - Zac Dalpe wins face-off versus Drew Shore in Blues zone.
15:20 of 2nd period - Slapshot by Zac Dalpe.
15:20 of 2nd period - Shot Misses the Net.
15:26 of 2nd period - Snap shot by Zac Dalpe.
15:26 of 2nd period - Shot Blocked by Alex Pietrangelo.
16:03 of 2nd period - Slapshot by Linus Omark.
16:03 of 2nd period - Stopped by Rick DiPietro with a rebound.
16:05 of 2nd period - Slapshot by Jacob Slavin.
16:05 of 2nd period - Shot Misses the Net.
16:07 of 2nd period - Slapshot by Jacob Slavin.
16:07 of 2nd period - Stopped by Rick DiPietro with a rebound.
16:09 of 2nd period - Slapshot by Anthony Mantha.
16:09 of 2nd period - Stopped by Rick DiPietro without a rebound.
16:10 of 2nd period - Nicklas Backstrom wins face-off versus Tyler Seguin in Blue Jackets zone.
16:16 of 2nd period - Icing by Artemi Panarin.
16:17 of 2nd period - Tyler Seguin wins face-off versus Nicklas Backstrom in Blue Jackets zone.
16:17 of 2nd period - Tyler Seguin is hit by Brandon Montour.
16:23 of 2nd period - Slapshot by Cam Fowler.
16:23 of 2nd period - Shot Blocked by Nicklas Backstrom.
16:25 of 2nd period - Slapshot by Mike Lundin.
16:25 of 2nd period - Stopped by Carey Price with a rebound.
16:27 of 2nd period - Wrist shot by Tyler Kennedy.
16:27 of 2nd period - Stopped by Carey Price without a rebound.
16:28 of 2nd period - Nicklas Backstrom wins face-off versus Artemi Panarin in Blues zone.
16:35 of 2nd period - Slapshot by Artemi Panarin.
16:35 of 2nd period - Stopped by Carey Price without a rebound.
16:36 of 2nd period - Artemi Panarin wins face-off versus Nicklas Backstrom in Blues zone.
16:41 of 2nd period - Snap shot by Tyler Seguin.
16:41 of 2nd period - Shot Blocked by Brandon Montour.
16:43 of 2nd period - Snap shot by Tyler Kennedy.
16:43 of 2nd period - Stopped by Carey Price without a rebound.
16:44 of 2nd period - Artemi Panarin wins face-off versus Nicklas Backstrom in Blues zone.
16:47 of 2nd period - Wrist shot by Tyler Seguin.
16:47 of 2nd period - Shot Misses the Net.
16:49 of 2nd period - Snap shot by Tyler Kennedy.
16:49 of 2nd period - Shot Misses the Net.
17:16 of 2nd period - Wrist shot by Eric Wellwood.
17:16 of 2nd period - Stopped by Carey Price without a rebound.
17:17 of 2nd period - Eric Wellwood wins face-off versus Devin Shore in Blues zone.
17:18 of 2nd period - Snap shot by Cody Hodgson.
17:18 of 2nd period - Stopped by Carey Price without a rebound.
17:19 of 2nd period - David Perron wins face-off versus Cody Hodgson in Blues zone.
17:51 of 2nd period - Wrist shot by Tyler Johnson.
17:51 of 2nd period - Shot Misses the Net.
17:53 of 2nd period - Slapshot by Jacob Slavin.
17:53 of 2nd period - Shot Hit the Post.
17:55 of 2nd period - Snap shot by Tyler Johnson.
17:55 of 2nd period - Stopped by Rick DiPietro without a rebound.
17:56 of 2nd period - Tyler Seguin wins face-off versus Nicklas Backstrom in Blue Jackets zone.
18:07 of 2nd period - Slapshot by Cam Fowler.
18:07 of 2nd period - Stopped by Carey Price without a rebound.
18:08 of 2nd period - Tyler Seguin wins face-off versus Nicklas Backstrom in Blues zone.
18:09 of 2nd period - Slapshot by Tyler Kennedy.
18:09 of 2nd period - Stopped by Carey Price with a rebound.
18:37 of 2nd period - Slapshot by David Perron.
18:37 of 2nd period - Stopped by Rick DiPietro with a rebound.
19:07 of 2nd period - Wrist shot by Zac Dalpe.
19:07 of 2nd period - Stopped by Carey Price with a rebound.
Goals for this period are 3 for Blues vs 2 for Blue Jackets.
Shots for this period are 15 for Blues vs 14 for Blue Jackets.
3rd period
0:01 of 3rd period - Tyler Seguin wins face-off versus Nicklas Backstrom in neutral zone.
0:23 of 3rd period - Icing by Tyler Johnson.
0:24 of 3rd period - Cody Hodgson wins face-off versus Nicklas Backstrom in Blues zone.
0:35 of 3rd period - Snap shot by Filip Forsberg.
0:35 of 3rd period - Stopped by Rick DiPietro without a rebound.
0:36 of 3rd period - Devin Shore wins face-off versus Tyler Seguin in Blue Jackets zone.
0:45 of 3rd period - Slapshot by David Perron.
0:45 of 3rd period - Shot Misses the Net.
1:35 of 3rd period - Slapshot by Eric Wellwood.
1:35 of 3rd period - Shot Blocked by Brandon Montour.
1:53 of 3rd period - Slapshot by Devin Setoguchi.
1:53 of 3rd period - Deflect By Pavel Datsyuk.
1:53 of 3rd period - Stopped by Carey Price without a rebound.
1:54 of 3rd period - Pavel Datsyuk wins face-off versus Nicklas Backstrom in Blues zone.
1:57 of 3rd period - Snap shot by Pavel Datsyuk.
1:57 of 3rd period - Deflect By Devin Setoguchi.
1:57 of 3rd period - Shot Misses the Net.
1:57 of 3rd period - Puck is out of play.
1:58 of 3rd period - Tyler Seguin wins face-off versus Filip Forsberg in Blues zone.
2:53 of 3rd period - Jujhar Khaira is hit by Devin Setoguchi and loses puck.
3:33 of 3rd period - Icing by Rob Scuderi.
3:34 of 3rd period - Nicklas Backstrom wins face-off versus Tyler Seguin in Blue Jackets zone.
3:56 of 3rd period - Snap shot by Filip Forsberg.
3:56 of 3rd period - Stopped by Rick DiPietro with a rebound.
3:58 of 3rd period - Slapshot by Brandon Montour.
3:58 of 3rd period - Shot Blocked by Rob Scuderi.
4:00 of 3rd period - Wrist shot by Tyler Johnson.
4:00 of 3rd period - Goal by Tyler Johnson - Blues : 5 - Blue Jackets : 4.
4:01 of 3rd period - Tyler Seguin wins face-off versus Filip Forsberg in neutral zone.
4:24 of 3rd period - Minor Penalty to Filip Forsberg for Hooking.
4:25 of 3rd period - Tyler Seguin wins face-off versus Drew Shore in Blues zone.
4:40 of 3rd period - Slapshot by Cam Fowler.
4:40 of 3rd period - Shot Blocked by Tyler Johnson.
4:42 of 3rd period - Slapshot by Mike Lundin.
4:42 of 3rd period - Shot Blocked by Ryan Murray.
5:40 of 3rd period - Cody Hodgson is hit by Cody Ceci and loses puck.
6:24 of 3rd period - Penalty to Filip Forsberg is over, Filip Forsberg is back on ice.
6:54 of 3rd period - Wrist shot by Filip Forsberg.
6:54 of 3rd period - Shot Misses the Net.
7:04 of 3rd period - Slapshot by Devin Setoguchi.
7:04 of 3rd period - Stopped by Carey Price with a rebound.
7:34 of 3rd period - Rob Scuderi is hit by Jujhar Khaira and loses puck.
8:13 of 3rd period - Snap shot by Riley Sheahan.
8:13 of 3rd period - Stopped by Rick DiPietro without a rebound.
8:14 of 3rd period - Cody Hodgson wins face-off versus Riley Sheahan in Blue Jackets zone.
8:43 of 3rd period - Wrist shot by Jujhar Khaira.
8:43 of 3rd period - Shot Blocked by Shea Theodore.
8:54 of 3rd period - Icing by Dennis Wideman.
8:55 of 3rd period - Drew Shore wins face-off versus Tyler Seguin in Blue Jackets zone.
9:03 of 3rd period - Icing by Dennis Wideman.
9:04 of 3rd period - Devin Shore wins face-off versus Tyler Seguin in Blue Jackets zone.
9:29 of 3rd period - Slapshot by Artemi Panarin.
9:29 of 3rd period - Stopped by Carey Price with a rebound.
9:31 of 3rd period - Backhand shot by Artemi Panarin.
9:31 of 3rd period - Stopped by Carey Price without a rebound.
9:32 of 3rd period - Nicklas Backstrom wins face-off versus Cody Hodgson in Blues zone.
10:16 of 3rd period - Snap shot by Nicklas Backstrom.
10:16 of 3rd period - Shot Blocked by Max Pacioretty.
10:18 of 3rd period - Snap shot by Tyler Johnson.
10:18 of 3rd period - Stopped by Rick DiPietro with a rebound.
10:58 of 3rd period - Mike Lundin is hit by Filip Forsberg and loses puck.
11:27 of 3rd period - Snap shot by Nicklas Backstrom.
11:27 of 3rd period - Shot Misses the Net.
11:29 of 3rd period - Snap shot by Ladislav Smid.
11:29 of 3rd period - Deflect By Mike Lundin.
11:29 of 3rd period - Stopped by Rick DiPietro without a rebound.
11:30 of 3rd period - Devin Shore wins face-off versus Tyler Seguin in Blue Jackets zone.
11:31 of 3rd period - Slapshot by Alex Pietrangelo.
11:31 of 3rd period - Shot Blocked by Nick Leddy.
11:58 of 3rd period - Off-side.
11:59 of 3rd period - Anthony Mantha wins face-off versus Pavel Datsyuk in neutral zone.
13:33 of 3rd period - Wrist shot by Emerson Etem.
13:33 of 3rd period - Shot Misses the Net.
13:35 of 3rd period - Slapshot by Zac Dalpe.
13:35 of 3rd period - Shot Blocked by Cody Ceci.
13:37 of 3rd period - Slapshot by Nick Leddy.
13:37 of 3rd period - Stopped by Carey Price with a rebound.
13:53 of 3rd period - Wrist shot by Emerson Etem.
13:53 of 3rd period - Shot Blocked by Jacob Slavin.
13:55 of 3rd period - Snap shot by Rob Scuderi.
13:55 of 3rd period - Stopped by Carey Price with a rebound.
14:13 of 3rd period - Wrist shot by Zac Dalpe.
14:13 of 3rd period - Shot Blocked by Jacob Slavin.
14:15 of 3rd period - Wrist shot by Zac Dalpe.
14:15 of 3rd period - Stopped by Carey Price without a rebound.
14:16 of 3rd period - Devin Shore wins face-off versus Tyler Seguin in Blues zone.
14:27 of 3rd period - Snap shot by Tyler Seguin.
14:27 of 3rd period - Stopped by Carey Price with a rebound.
15:59 of 3rd period - Backhand shot by Riley Sheahan.
15:59 of 3rd period - Stopped by Rick DiPietro with a rebound.
16:33 of 3rd period - Icing by Pavel Datsyuk.
16:34 of 3rd period - Devin Shore wins face-off versus Pavel Datsyuk in Blue Jackets zone.
18:57 of 3rd period - Blue Jackets, Rick DiPietro is pulled from the net.
19:46 of 3rd period - Snap shot by Tyler Johnson.
19:46 of 3rd period - Goal by Tyler Johnson - Blues : 6 - Blue Jackets : 4.
19:46 of 3rd period - Rick DiPietro from Blue Jackets was sent back in the game.
19:47 of 3rd period - Nicklas Backstrom wins face-off versus Tyler Seguin in neutral zone.
Goals for this period are 2 for Blues vs 0 for Blue Jackets.
Shots for this period are 8 for Blues vs 8 for Blue Jackets.
Output by the SimonT Hockey Simulator (STHS) for Francois Prevost